 Dungeon Crawl Stone Soup version 0.26.1-11-gd32895ea62 (webtiles) character file.

Game seed: 6568902681834934801

22 ubername the Magician (level 2, -3/15 HPs)
             Began as a Deep Elf Air Elementalist on June 19, 2021.
             Slain by a hobgoblin
             ... wielding a +0 club
              (5 damage)
             ... on level 2 of the Dungeon.
             The game lasted 00:03:28 (1498 turns).

ubername the Magician (Deep Elf Air Elementalist)   Turns: 1498, Time: 00:03:29

Health: -3/15      AC:  3    Str:  4 (5)  XL:     2   Next: 68%
Magic:  2/8        EV: 13    Int: 16 (19) God:
Gold:   67         SH:  0    Dex: 13 (15) Spells: 7/8 levels left

rFire    . . .     SeeInvis .   c - +0 dagger
rCold    . . .     Faith    .   (no shield)
rNeg     . . .     Spirit   .   a - +0 robe
rPois    .         Reflect  .   e - +0 helmet
rElec    .         Harm     .   (no cloak)
rCorr    .         Rampage  .   (no gloves)
Will     .....                  (no boots)
Stlth    ++........             (no amulet)
HPRegen  0.05/turn              (no ring)
MPRegen  0.11/turn              (no ring)

@: no status effects
A: no striking features
a: no special abilities


You were on level 2 of the Dungeon.
You visited 1 branch of the dungeon, and saw 2 of its levels.

You collected 67 gold pieces.

Inventory:

Hand Weapons
 b - a +0 club
 c - a +0 dagger (weapon)
 g - a +0 hunting sling
Missiles
 l - 11 stones
Armour
 a - a +0 robe (worn)
 e - a +0 helmet (worn)
Jewellery
 m - an uncursed ring of protection from cold {unknown}
Wands
 n - a wand of disintegration (15)
Scrolls
 o - a scroll of identify
Potions
 f - a potion of curing
 h - a potion of lignification
 i - a potion of magic


   Skills:
 + Level 2.7 Dodging
 + Level 2.7 Stealth
 + Level 3.5 Spellcasting
 + Level 1.1 Conjurations
 + Level 3.4 Air Magic


You had 7 spell levels left.
You knew the following spells:

 Your Spells              Type           Power        Failure   Level
a - Shock                 Conj/Air       40%          7%          1

Your spell library contained the following spells:

 Spells                   Type           Power        Failure   Level
 Swiftness                Air            13%          7%          2
 Static Discharge         Conj/Air       10%          22%         3
 Airstrike                Air            6%           41%         4
 Lightning Bolt           Conj/Air       5%           89%         5


Dungeon Overview and Level Annotations

Branches:
Dungeon (2/15)

Altars:


Message History

The hobgoblin is moderately wounded.
The hobgoblin completely misses you.
Your magical contamination has completely faded away.
You closely miss the hobgoblin.
The hobgoblin is moderately wounded.
The hobgoblin hits you with a +0 club.
Casting: Shock (safe; 7% risk of failure)
Confirm with . or Enter, or press ? or * to list all spells.
Aiming: Shock (safe; 7% risk of failure)
Press: ? - help, Shift-Dir - straight line, f/p - hobgoblin
Aim: a hobgoblin, wielding a +0 club (moderately wounded, 32% to evade)
The zap hits the hobgoblin but does no damage.
The hobgoblin is moderately wounded.
The hobgoblin hits you with a +0 club.
* * * LOW HITPOINT WARNING * * *
The kobold barely misses you.
You hit the hobgoblin.
The hobgoblin is heavily wounded.
The hobgoblin hits you with a +0 club.
You die...

#### ..# ####.##
.####.....#
..........#############.
....[..!..g@.....)......
.####.....K.............
...(......#####..######
.#####..### #.## #.(#
#.# ..... #.# ##.... #.#
#....# #.# .>.#.# #.#


You could see a hobgoblin and a kobold.

Vanquished Creatures
  2 leopard geckos (D:1)
  A hobgoblin (D:1)
  3 jackals (D:1)
  2 frilled lizards (D:1)
  6 goblins
  3 kobolds (D:1)
  2 rats
19 creatures vanquished.

Notes
Turn   | Place    | Note
-------+----------+-------------------------------------------
     0 | D:1      | ubername the Deep Elf Air Elementalist began the quest for
                  | the Orb.
     0 | D:1      | Reached XP level 1. HP: 10/10 MP: 6/6
   388 | D:1      | Reached XP level 2. HP: 15/15 MP: 5/8
  1498 | D:2      | Slain by a hobgoblin

Illustrated notes

Levels and vault maps discovered:
D:1:      dpeg_arrival_simpleton_b, layout_loops_ring, serial_co_window_serial,
          co_window_corner_a, co_window_corner_a, co_window_paths_b,
          co_window_paths_b, co_window_paths_a, co_window_broadway_c,
          co_window_broadway_c, co_window_of_opportunity_b, co_window_cross_2,
          co_window_corner_ca, glass_columns_a, glass_columns_a
D:2:      layout_loops_ring, lightli_corner_chamber

Action                   || total
-------------------------++-------
Melee: Dagger            ||     7
 Cast: Shock             ||    36
  Use: Potion            ||     5
       Scroll            ||     3
Armor: Robe              ||     1
       Skin              ||     1
Dodge: Dodged            ||     7
